AoeStats
← Arda Asar

African Clearing

510327154Analyzed
2v2 RM · 3d ago on Sep 30, 2026· 34m 37s· 4 players
Game mode
Random Map
Map size
Medium (4 player)
Population
200
Speed
Normal
Resources
Standard
Victory
Conquest
Starting age
Dark Age
Ending age
Imperial Age
RankedLock teamsTeams togetherTeam positionsShared explorationLock speedFull tech treeHidden civsTurbo modeCheats
Victory
Defeat
🇹🇷 Byzantines · Türkiye
1492
+18
🇷🇺 Berbers · Russia
1403
+22
🇨🇱 Romans · Chile
1529
-20
🇨🇱 Portuguese · Chile
1529
-20
Arda Asar
7:20 Loom
12:45 Feudal Age
15:52 Scale Barding Armor
15:58 Forging
20:01 Double-Bit Axe
25:10 Castle Age
24:56 Gold Mining
24:53 Horse Collar
26:23 Wheelbarrow
26:04 Heavy Plow
26:15 Bow Saw
26:42 Gold Shaft Mining
26:39 Chain Barding Armor
26:58 Iron Casting
30:37 Husbandry
JustHaveFun()
6:46 Loom
12:53 Feudal Age
16:40 Castle Age
16:27 Fletching
17:33 Double-Bit Axe
18:20 Bodkin Arrow
23:06 Padded Archer Armor
27:58 Leather Archer Armor
29:05 Ballistics
32:18 Horse Collar
Vaedal
6:08 Loom
12:48 Feudal Age
13:43 Double-Bit Axe
17:47 Castle Age
16:59 Stone Mining
17:21 Fletching
18:34 Bodkin Arrow
18:07 Crossbowman
21:30 Bow Saw
27:04 Ballistics
30:35 Bodkin Arrow
Feanor
6:13 Loom
13:42 Feudal Age
17:24 Castle Age
15:40 Double-Bit Axe
18:47 Bow Saw
20:37 Scale Barding Armor
22:06 Bloodlines
24:24 Chain Barding Armor
27:20 Husbandry
27:09 Horse Collar
28:53 Fletching
30:01 Bodkin Arrow
Connection lost

Rejoining the realm…

Still unreachable

The connection could not be restored.

Session expired

The server has moved on; the page needs a fresh start.